 Dungeon Crawl Stone Soup version 0.29.0-4-gdea44cf6ec (webtiles) character file.

Game seed: 10517671831936248990

5 qw the Sneak (level 1, -2/14 HPs)
             Began as a Gargoyle Delver on Sept 10, 2022.
             Frozen to death by an endoplasm (3 damage)
             ... on level 3 of the Dungeon.
             The game lasted 00:00:04 (222 turns).

qw the Sneak (Gargoyle Delver)                       Turns: 222, Time: 00:00:05

Health: -2/14      AC:  8    Str: 15    XL:     1   Next: 80%
Magic:  1/1        EV:  9    Int: 10    God:
Gold:   41         SH:  0    Dex: 11    Spells: 0/0 levels left

rFire   . . .      SeeInvis .   a - +0 hand axe
rCold   . . .      Faith    .   (no shield)
rNeg    + . .      Spirit   .   d - +0 scale mail
rPois   inf        Reflect  .   (no helmet)
rElec   +          Harm     .   (no cloak)
rCorr   .          Rampage  .   (no gloves)
Will    .....                   (no boots)
Stlth   +.........              (no amulet)
HPRegen 0.04/turn               (no ring)
MPRegen 0.07/turn               (no ring)

@: no status effects
A: sickness immunity, AC +2, negative energy resistance 1, electricity
resistance, torment resistance 1, petrification resistance
a: no special abilities


You were on level 3 of the Dungeon.
You visited 1 branch of the dungeon, and saw 3 of its levels.

You collected 41 gold pieces.


Innate Abilities, Weirdness & Mutations

You are immune to sickness and miasma.
Your stone body is resilient. (AC +2)
You are immune to poison.
You resist negative energy. (rN+)
You are resistant to electric shocks. (rElec)
You are resistant to unholy torment.
You are immune to petrification.


   Skills:
 - Level 3.2 Fighting
 + Level 2.2 Axes
 - Level 1.5 Dodging
 - Level 5.4 Stealth


You couldn't memorise any spells.
You didn't know any spells.
Your spell library was empty.

Inventory:

Hand Weapons
 a - a +0 hand axe (weapon)
 c - a +0 mace
Armour
 d - a +0 scale mail (worn)
Wands
 g - a wand of digging (3)
Scrolls
 b - a scroll of immolation {unknown}
Potions
 f - a potion of haste

Dungeon Overview and Level Annotations

Branches:
Dungeon (5/15)
 Temple: D:4-7

Altars:

Annotations:
D:3 Sigmund


Message History

b - a scroll labelled KATTAE YR BYHE Sigmund and a ball python come into view.
Sigmund shouts!
The ball python hisses angrily.
Sigmund casts a spell at you. You resist with significant effort.
Found 2 orange potions.
Sigmund gestures at you while chanting. The puff of flame misses you.
Found a stone staircase leading up.
An endoplasm comes into view.
You hit the ball python.
The ball python is severely wounded.
An endoplasm comes into view.
The ball python bites you but does no damage.
The ball python closely misses you.
The endoplasm quivers.
You hit the ball python.
You kill the ball python!
Sigmund points at you and mumbles some strange words.
You resist with significant effort.
Sigmund points at you and mumbles some strange words.
The magic dart hits you!
Ouch! That really hurt!
Sigmund barely misses you.
Found a scroll of fear and a dagger.
Found a faded altar of an unknown god.
The endoplasm hits you but does no damage.
You hit Sigmund.
Sigmund is lightly wounded.
You hit the endoplasm. Sigmund hits you with a +0 scythe.
The endoplasm freezes you.
You are frozen.
You closely miss Sigmund.
Sigmund is lightly wounded.
You hit the endoplasm. x2
An endoplasm comes into view.
The endoplasm hits you but does no damage.
The endoplasm freezes you.
You are frozen.
You die...

###.......#
####.#### ##..#
##..## # #....##
#. ##.....##
#.####.......#
#............#
##.J@..........
#..@J.#...######
................
?..#........####
#......!..#.#
#.#........<# .
..........#
...J..._....


You could see Sigmund and 3 endoplasms.

Vanquished Creatures
  An orc (D:3)
  2 kobolds
  A ball python (D:3)
4 creatures vanquished.

Notes
Turn   | Place    | Note
-------+----------+-------------------------------------------
     0 | D:5      | qw the Gargoyle Delver began the quest for the Orb.
     0 | D:5      | Reached XP level 1. HP: 14/14 MP: 1/1
     0 | D:5      | 0 ||| qw: Version: 0.1-a-116-g5d60599
     0 | D:5      | 0 ||| qw: Game counter: 8558
     0 | D:5      | 0 ||| qw: Always use a shield: true
     0 | D:5      | 0 ||| qw: God list: Okawaru
     0 | D:5      | 0 ||| qw: Allow faded altars: false
     0 | D:5      | 0 ||| qw: Do Orc after D:15 true
     0 | D:5      | 0 ||| qw: Do second Lair branch before Depths: true
     0 | D:5      | 0 ||| qw: Lair rune preference: random
     0 | D:5      | 0 ||| qw: Plans: Normal
     0 | D:5      | 0 ||| PLANNING D:1-11
    11 | D:5      | 11 ||| DROPPING scroll of fog.
    12 | D:5      | 12 ||| DROPPING scroll of magic mapping.
    13 | D:5      | 13 ||| DROPPING scroll of fear.
   125 | D:4      | 125 ||| UPGRADING to +0 scale mail.
   135 | D:4      | 135 ||| DROPPING +0 leather armour.
   147 | D:3      | 147 ||| Stepping ~*~*~tactically~*~*~ (stealth).
   214 | D:3      | Noticed Sigmund
   220 | D:3      | Found a faded altar of an unknown god.
   221 | D:3      | HP: 3/14 [Sigmund/+0 scythe (4)]
   221 | D:3      | HP: 1/14 [frozen (2)]
   222 | D:3      | Frozen to death by an endoplasm

Levels and vault maps discovered:
D:3:      layout_rooms, ebering_ecumenical_altar_sacrificial,
          nrook_loot_triangle, uniq_sigmund
D:4:      layout_basic, minmay_temple_entry_offerings, ebering_ghost_sewer_f,
          minivault_11
D:5:      minmay_octagon_keep, layout_loops_corners,
          mainiacjoe_overflow_tiny_flanked, minitemple, minmay_misc_feat_tiny,
          uniq_menkaure

Skill      XL: |  1 |
---------------+----+-----
Axes           | 2 |  2.2
Fighting       | |  3.2
Dodging        | |  1.5
Stealth        | |  5.4

Action                   || total
-------------------------++-------
Melee: Hand axe          ||    13
Armor: Scale mail        ||     6
Dodge: Dodged            ||     8

Table legend:
 A = Non-vault XP
 B = Vault XP
 C = Vault XP percentage of total XP
 D = Non-vault monster count
 E = Vault monster count
 F = Vault count percentage of total count
                 A         B        C        D         E       F
            +---------+---------+-------+---------+---------+-------
      Total |       8 |       0 |   0.0 |       4 |       0 |   0.0
            +---------+---------+-------+---------+---------+-------
        D:3 |       6 |       0 |   0.0 |       3 |       0 |   0.0
        D:4 |       2 |       0 |   0.0 |       1 |       0 |   0.0
            +---------+---------+-------+---------+---------+-------
